 Dungeon Crawl Stone Soup version 0.28-a0-1344-g6b9ff3a05d (webtiles) character file.

Game seed: 15143493550053994019

558407 EnegeticOcto the Cryomancer (level 24, -8/203 HPs)
             Began as a Demigod Ice Elementalist on Dec 28, 2021.
             Killed from afar by an orb of fire (13 damage)
             ... with a bolt of fire
             ... on level 5 of the Realm of Zot on Dec 29, 2021.
             The game lasted 02:19:45 (88833 turns).

EnegeticOcto the Cryomancer (DgIE)                 Turns: 88833, Time: 02:19:45

Health: -8/203     AC: 17    Str:  9    XL:     24   Next: 9%
Magic:  50/51      EV: 14    Int: 60    God:
Gold:   3789       SH: 19    Dex: 20    Spells: 18/59 levels left

rFire   + + .      SeeInvis .   R - staff of cold
rCold   + . .      Faith    .   h - +5 kite shield {rN+}
rNeg    + + .      Spirit   .   M - +5 ring mail "Reddi" {rPois Dex+6}
rPois   +          Reflect  .   u - +1 helmet "Utreipumo" {rPois rF+}
rElec   +          Harm     .   I - +2 cloak {Will+}
rCorr   .          Rampage  .   l - +2 pair of gloves
Will    +++++                   E - +2 pair of boots
Stlth   +.........              Y - amulet of magic regeneration
HPRegen 0.43/turn               i - ring "Ceeck" {Fly rElec rPois rN+ Int+6}
MPRegen 0.72/turn               r - ring "Caw Xao" {Drain rF+ Will+++ Int+5 Stlth-}

@: corroded, flying, hasted, studying Throwing, very quick
A: high mp 1, forlorn, divine attributes, deformed body
0: Orb of Zot
}: 3/15 runes: serpentine, slimy, gossamer
a: no special abilities


You were on level 5 of the Realm of Zot.
You visited 10 branches of the dungeon, and saw 52 of its levels.
You visited the Abyss 2 times.
You visited 1 bazaar.
You also visited: Trove, Bailey, Ice Cave and Volcano.

You collected 8880 gold pieces.
You spent 5091 gold pieces at shops.

Inventory:

Hand Weapons
 a - the +7 dagger of Uruge {drain, rElec Int+3}
   (You found it in a bailey)

   A truly terrible weapon, it drains the life of any living foe it strikes.
   Int:       It affects your intelligence (+3).
   rElec:     It insulates you from electricity.
Missiles
 n - 24 curare-tipped darts
 L - 4 throwing nets {!f}
Armour
 h - a +5 kite shield of positive energy (worn)
   (You took it off a tengu warrior on level 1 of the Depths)
 l - a +2 pair of gloves (worn)
   (You found it on level 1 of the Dungeon)
 u - the +1 helmet "Utreipumo" (worn) {rPois rF+}
   (You found it on level 3 of the Depths)

   rF:        It protects you from fire.
   rPois:     It protects you from poison.
 E - a +2 pair of boots (worn)
   (You found it on level 5 of the Dungeon)
 I - a +2 cloak of willpower (worn)
   (You bought it in a shop on level 10 of the Dungeon)
 M - the +5 ring mail "Reddi" (worn) {rPois Dex+6}
   (You bought it in a shop on level 3 of the Elven Halls)

   Dex:       It affects your dexterity (+6).
   rPois:     It protects you from poison.
Magical Staves
 R - a staff of cold (weapon)
   (You found it on level 3 of the Depths)
Jewellery
 i - the ring "Ceeck" (left hand) {Fly rElec rPois rN+ Int+6}
   (You found it in a treasure trove)

   [ring of intelligence]

   Int:       It affects your intelligence (+6).
   rElec:     It insulates you from electricity.
   rPois:     It protects you from poison.
   rN:        It protects you from negative energy.
   Fly:       It grants you flight.
 r - the ring "Caw Xao" (right hand) {Drain rF+ Will+++ Int+5 Stlth-}
   (You took it off a deep elf zephyrmancer on level 3 of the Elven Halls)

   [ring of protection from fire]

   Int:       It affects your intelligence (+5).
   rF:        It protects you from fire.
   Drain:     It drains your maximum health when unequipped.
   Will:      It greatly increases your willpower.
   Stlth:     It makes you less stealthy.
 P - the ring "Gotod" {rC+ MP+9}
   (You found it in an ice cave)

   [ring of protection from cold]

   rC:        It protects you from cold.
   MP:        It affects your magic capacity (+9).
 Y - an amulet of magic regeneration (around neck)
   (You found it on level 13 of the Dungeon)
Wands
 A - a wand of digging (10) {@v3}
   (You found it on level 4 of the Lair of Beasts)
 D - a wand of iceblast (22) {@v2}
   (You found it on level 3 of the Lair of Beasts)
 K - a wand of acid (19) {@v1}
   (You took it off an orc on level 7 of the Dungeon)
 Q - a wand of flame (34) {@v4}
   (You took it off Duvessa on level 7 of the Dungeon)
 U - a wand of charming (13)
   (You found it on level 10 of the Dungeon)
 V - a wand of mindburst (12)
   (You found it on level 3 of the Elven Halls)
 X - a wand of polymorph (16)
   (You found it on level 1 of the Lair of Beasts)
Scrolls
 c - 17 scrolls of immolation
 e - a scroll of holy word
 g - 8 scrolls of silence
 j - 9 scrolls of fear {!r}
 p - 5 scrolls of blinking {@r4}
 w - 5 scrolls of summoning
 y - 13 scrolls of teleportation {@r3 !r}
 F - a scroll of torment
 J - 4 scrolls of magic mapping {@r5 !r}
 O - 17 scrolls of fog {!r}
 S - 9 scrolls of vulnerability
Potions
 d - 3 potions of resistance
 k - 10 potions of haste {@q4 !q}
 m - a potion of invisibility
 o - 13 potions of ambrosia
 q - 13 potions of curing {@q1 !q}
 s - 2 potions of cancellation
 t - 11 potions of brilliance
 x - 2 potions of magic
 z - a potion of flight
 C - 7 potions of attraction
 G - 3 potions of berserk rage
 N - 7 potions of lignification {@q6}
 Z - 9 potions of mutation
Miscellaneous
 b - a tin of tremorstones (2/2)
   (You found it on level 3 of the Elven Halls)
 f - a condenser vane
   (You bought it in a shop in a bazaar)
 v - a phantom mirror
   (You found it on level 3 of the Elven Halls)
 B - a box of beasts
   (You found it on level 2 of the Lair of Beasts)
 H - a phial of floods
   (You found it on level 2 of the Depths)
 T - a lightning rod (4/4)
   (You found it on level 5 of the Pits of Slime)


   Skills:
 - Level 14.0 Fighting
 - Level 8.0 Armour
 - Level 8.0 Dodging
 - Level 6.0 Stealth
 - Level 15.0 Shields
 + Level 18.0 Spellcasting
 - Level 12.0 Conjurations
 - Level 8.0 Transmutations
 - Level 25.0 Ice Magic
 - Level 12.0 Earth Magic
 - Level 8.0 Evocations


You had 18 spell levels left.
You knew the following spells:

 Your Spells              Type           Power      Damage    Failure   Level
a - Iron Shot             Conj/Erth      57%        9d11      1%          6
b - Irradiate             Conj/Tmut      54%        3d31      1%          5
c - Ozocubu's Refrigerat  Ice            88%        4d22      0%          7
d - Hailstorm             Conj/Ice       100%       3d20      0%          4
e - Ozocubu's Armour      Ice            100%       N/A       0%          3
f - Iskenderun's Mystic   Conj/Tloc      90%        2d18      1%          4
g - Freeze                Ice            100%       1d11      0%          1
h - Sublimation of Blood  Necr           52%        N/A       1%          2
z - Polar Vortex          Ice            88%        N/A       1%          9

Your spell library contained the following spells:

 Spells                   Type           Power      Damage    Failure   Level
 Magic Dart               Conj           100%       1d8       0%          1
 Ensorcelled Hibernation  Hex/Ice        100%       N/A       0%          2
 Frozen Ramparts          Ice            100%       1d12      0%          3
 Stone Arrow              Conj/Erth      100%       3d13      0%          3
 Ice Form                 Ice/Tmut       100%       N/A       0%          4
 Beastly Appendage        Tmut           100%       N/A       1%          1
 Slow                     Hex            100%       N/A       1%          1
 Sting                    Tmut/Pois      100%       1d8       1%          1
 Corpse Rot               Necr/Air       100%       N/A       1%          2
 Poisonous Vapours        Pois/Air       100%       N/A       1%          2
 Wereblood                Tmut           100%       N/A       1%          2
 Dazzling Flash           Conj/Hex       100%       N/A       1%          3
 Gell's Gravitas          Tloc           52%        N/A       1%          3
 Ignite Poison            Fire/Tmut/Pois 72%        N/A       1%          3
 Inner Flame              Hex/Fire       52%        N/A       1%          3
 Lesser Beckoning         Tloc           52%        N/A       1%          3
 Mephitic Cloud           Conj/Pois/Air  80%        N/A       1%          3
 Portal Projectile        Hex/Tloc       100%       N/A       1%          3
 Spider Form              Tmut/Pois      80%        N/A       1%          3
 Teleport Other           Tloc           52%        N/A       1%          3
 Tukima's Dance           Hex            52%        N/A       1%          3
 Animate Armour           Summ/Erth      100%       N/A       1%          4
 Fulminant Prism          Conj/Hex       45%        3d21      1%          4
 Petrify                  Tmut/Erth      100%       N/A       1%          4
 Blade Hands              Tmut           50%        N/A       1%          5
 Borgnjor's Vile Clutch   Necr/Erth      45%        N/A       1%          5
 Freezing Cloud           Conj/Ice/Air   70%        6-21      1%          5
 Lee's Rapid Deconstruct  Erth           57%        3d28*     1%          5
 Lightning Bolt           Conj/Air       45%        1d65      1%          5
 Simulacrum               Ice/Necr       70%        N/A       1%          6
 Alistair's Intoxication  Tmut/Pois      53%        N/A       2%          5
 Airstrike                Air            26%        N/A       4%          4
 Animate Dead             Necr           26%        N/A       4%          4
 Cause Fear               Hex            26%        N/A       4%          4
 Dispel Undead            Necr           52%        3d19      4%          4
 Olgreb's Toxic Radiance  Pois           52%        N/A       4%          4
 Passage of Golubria      Tloc           52%        N/A       4%          4
 Summon Lightning Spire   Summ/Air       52%        N/A       4%          4
 Conjure Ball Lightning   Conj/Air       45%        3x3d16    6%          6
 Agony                    Necr           52%        N/A       13%         5
 Silence                  Hex/Air        26%        N/A       13%         5
 Summon Forest            Summ/Tloc      26%        N/A       13%         5
 Summon Mana Viper        Hex/Summ       52%        N/A       13%         5
 Eringya's Noxious Bog    Tmut/Pois      40%        N/A       14%         6
 Lehudib's Crystal Spear  Conj/Erth      57%        10d13     22%         8
 Spellforged Servitor     Conj/Summ      45%        N/A       32%         7
 Death Channel            Necr           26%        N/A       56%         6
 Dispersal                Tloc           26%        N/A       56%         6
 Summon Cactus Giant      Summ           26%        N/A       56%         6
 Enfeeble                 Hex            26%        N/A       98%         7
 Haunt                    Necr/Summ      26%        N/A       98%         7
 Discord                  Hex            26%        N/A       100%        8
 Disjunction              Tloc           26%        N/A       100%        8
 Infestation              Necr           26%        N/A       100%        8


Dungeon Overview and Level Annotations

Branches:
Dungeon (15/15)            Temple (0/1) D:4            Lair (6/6) D:9
  Snake (4/4) Lair:3       Spider (4/4) Lair:2        Slime (5/5) Lair:5
    Orc (2/2) D:9             Elf (3/3) Orc:2        Vaults (4/5) D:13
  Crypt (0/3) Vaults:2     Depths (4/4) D:15            Zot (5/5) Depths:4
 Bailey (visited)           IceCv (visited)         Volcano (visited)

Shops:
D:2 [   D:10 (!*[(   Orc:2 ?*(=   Elf:1 *   Elf:3 [   Snake:1 *   Snake:3 ?
Vaults:3 [   Vaults:4 *   Depths:1 ::   Depths:2 *   Depths:4 =

Portals:
Hell: Depths:1 Depths:2 Depths:3 Depths:4
Abyss: Depths:2 Depths:3 Depths:4
Pandemonium: Orc:2 Depths:2
Ziggurat: Depths:2

Annotations:
D:6 exclusion: statue
Lair:5 2 transporters
Spider:1 exclusion: downstairs
Elf:1 3 runed translucent doors, exclusion: obsidian statue, Vafan's ghost, veteran FoFi
Elf:2 3 runed translucent doors
Elf:3 1 exclusion
Zot:2 exclusion: door
Zot:5 1 exclusion


Innate Abilities, Weirdness & Mutations

You have an increased reservoir of magic. (+10% MP)
You shall have no god before yourself.
Your divine heritage dramatically boosts your attributes as you level up.
Armour fits poorly on your strangely shaped body.


Message History

Blink to where?
Press: ? - help, Dir - move target An electric golem, an orb of fire and a Killer Klown come into view.
The Killer Klown is wielding a +10 vorpal club.
As you read the scroll of blinking {@r4}, it crumbles to dust.
You hear a loud "Zot"!
Blink to where?
Press: ? - help, Dir - move target An Orb Guardian, an orb of fire, a Killer Klown, a white draconian and a tentacled monstrosity come into view.
The Killer Klown is wielding a +12 club of electrocution.
As you read the scroll of blinking {@r4}, it crumbles to dust.
The Killer Klown shouts!
The white draconian roars!
The orb of fire glows deep purple.
The fireball explodes!
The fireball engulfs you! You resist.
The Orb Guardian pulls the alarm!
The alarm trap emits a blaring wail!
A sentinel's mark forms upon you. The Killer Klown pies you viciously!
The klown pie hits you!!
Blueberry!
An unnatural silence engulfs you.
The Killer Klown moves out of view.
An orb of fire comes into view.
Your magical effects are unravelling.
You feel magically purged.
You feel yourself slow down.
You feel a little less clever now.
Your hearing returns.
Your resistance to elements expires.
The sentinel's mark upon you fades away.
The orb of fire glows yellow.
The fireball explodes!
The fireball engulfs you!! You resist.
Blink to where?
Press: ? - help, Dir - move target An Orb Guardian, a yellow draconian, a tentacled monstrosity and an ancient lich come into view.
As you read the scroll of blinking {@r4}, it crumbles to dust.
The ancient lich shouts!
The yellow draconian roars!
The orb of fire glows bright magenta.
Strange energies course through your body.
Your body twists and deforms.
The electric golem blinks!
An Orb Guardian comes into view.
The ancient lich mumbles some strange words.
The ancient lich flickers and vanishes!
Deactivating autopickup; reactivate with Ctrl-A.
The Orb Guardian hits you!
A red draconian comes into view. It is wielding a +0 short sword.
You block the Orb Guardian's attack.
Blink to where?
Press: ? - help, Dir - move target A storm dragon and a dread lich come into view.
Found 12 gold pieces.
As you read the scroll of blinking {@r4}, it crumbles to dust.
The dread lich shouts!
The storm dragon roars deafeningly!
The red draconian roars!
You hear a roar!
You hear some strange, mumbled words.
A bolt of acid appears from out of thin air!
The bolt of acid hits you!!!
* * * LOW HITPOINT WARNING * * *
The red draconian breathes fire at you. The searing blast hits you. You resist.
* * * LOW HITPOINT WARNING * * *
Blink to where?
Press: ? - help, Dir - move target
As you read the scroll of blinking {@r4}, it crumbles to dust.
Really quaff
W - 4 potions of heal wounds {@q2 !q}?
Okay, then.
Unknown command.
Unknown command.
Really read
O - 18 scrolls of fog {!r}?
As you read the scroll of fog {!r}, it crumbles to dust.
The scroll dissolves into smoke.
Really quaff
W - 4 potions of heal wounds {@q2 !q}?
You feel much better.
Really quaff
W - 3 potions of heal wounds {@q2 !q}?
You feel much better.
Really quaff
W - 2 potions of heal wounds {@q2 !q}?
You feel much better.
Really quaff
k - 11 potions of haste {@q4 !q}?
You feel yourself speed up.
Something touches you but does no damage.
The storm dragon breathes lightning at you.
The bolt of lightning misses you. The bolt of lightning hits you. You resist.
The bolt of lightning hits the storm dragon.
The storm dragon completely resists.
You hear some strange, mumbled words.
A bolt of acid appears from out of thin air!
The bolt of acid hits you!!!!
* * * LOW HITPOINT WARNING * * *
The acid corrodes you!
Okay, then.
Really quaff
W - a potion of heal wounds {@q2 !q}?
You feel much better. Something touches you.
* * * LOW HITPOINT WARNING * * *
The storm dragon breathes lightning at you.
The bolt of lightning hits you! You resist.
* * * LOW HITPOINT WARNING * * *
Blink to where?
Press: ? - help, Dir - move target 2 Orb Guardians come into view.
As you read the scroll of blinking {@r4}, it crumbles to dust.
The electric golem crackles and sizzles.
The orb of fire glows bright magenta.
The bolt of fire hits you! You resist.
You die...

**...................▓#*
*▓..^...§......§.▓▓▓*
▓▓...*9##▓▓▓▓▓▓▓▓▓***
##......X.........^,,***
*#......X.........##,,,,**
**..................#**,,,****
*,.^.....X...........***,,,,,,
#..........X...^$....* **,,,,,
#.......§§*X.@......^* *,,,,,
#.^..{.§XXd...^^.....* **,,,,
#......§§§...........* *,,,,
#.....§.§d.^......^.^* **,,,,
*#§§§§§§............#* *,,,,,
*#§{§§§§..........## **,,,,,
##§§D§§.........## *,,,,,,
################ ******* #####
*,,


You could see 2 orbs of fire, an electric golem, 2 tentacled monstrosities, a
storm dragon (catching breath), a yellow draconian, a red draconian and 5 Orb
Guardians.

Vanquished Creatures
  the Royal Jelly (Slime:5)
  An orb of fire (Zot:4)
  Mara (Spider:3)
  A juggernaut (Depths:4)
  A Killer Klown (Zot:5)
  Bai Suzhen (Depths:1)
  3 curse toes
  The ghost of Geciec the Warrior, a veteran BaAK of Lugonu (Vaults:4)
  2 caustic shrikes (Depths:3)
  16 golden dragons
  A profane servitor (Abyss:4)
  12 tentacled monstrosities
  2 walking crystal tomes
  A deep elf blademaster (Elf:3)
  3 liches
  12 acid blobs
  2 quicksilver dragons
  A walking frostbound tome (Depths:3)
  2 deep elf master archers (Elf:3)
  4 titans
  Frances (D:14)
  A tentacled starspawn (Abyss:4)
  8 sphinxes
  6 death cobs
  2 tengu reavers
  The ghost of DoubleLucky the Warrior, an adept TeSu of Yredelemnul (Spider:4)
  6 shadow dragons
  Donald (Elf:3)
  5 nagarajas (Snake:4)
  8 draconian knights
  5 azure jellies
  14 storm dragons
  2 daevas
  5 draconian monks
  9 fire giants
  8 emperor scorpions
  4 frost giants
  6 rockslimes
  An iron dragon (Depths:2)
  7 draconian scorchers
  10 vault wardens
  An orc warlord (Orc:2)
  8 draconian shifters
  8 ghost moths
  8 deep elf sorcerers
  Louise (Spider:2)
  6 deep elf elementalists
  13 ironbound preservers
  An angel (Depths:2)
  3 draconian stormcallers
  5 draconian annihilators
  14 stone giants
  A cacodemon (Abyss:4)
  9 quicksilver oozes
  A broodmother (Spider:4)
  The ghost of MirrMurr the Unseen, an adept SpEn of Dithmenos (Snake:2)
  A spriggan defender (Depths:3)
  2 war gargoyles (Vaults:3)
  2 very ugly things (Vaults:1)
  5 ironbound thunderhulks
  10 green draconians
  6 entropy weavers
  5 deep elf demonologists (Elf:3)
  A lorocyproca (Abyss:4)
  10 white draconians
  12 red draconians
  18 black draconians
  4 spark wasps
  13 purple draconians
  9 yellow draconians
  11 dire elephants
  9 deep elf annihilators
  A blizzard demon (Abyss:4)
  9 ettins
  Snorg (D:13)
  9 deep elf death magi (Elf:3)
  A crystal guardian (Vaults:4)
  4 rakshasas
  A deep elf high priest (Elf:3)
  A green death (Abyss:4)
  13 fire dragons
  10 yaktaur captains
  3 jiangshi (Depths:3)
  3 great orbs of eyes
  2 peacekeepers
  9 ice dragons
  A spriggan zombie (Abyss:4)
  6 boulder beetles
  14 naga warriors
  2 demonspawn (Orc:2)
  3 salamander tyrants (Snake:4)
  A spriggan skeleton (Depths:2)
  11 ironbound frosthearts
  4 anacondas
  3 jorogumos
  17 hydras
  5 vault guards
  A radroach (Spider:3)
  A catoblepas (D:15)
  5 spriggan air magi
  17 centaur warriors
  3 two-headed ogres
  5 death yaks
  7 deep troll shamans
  16 dancing weapons
  9 tengu warriors
  5 orc high priests
  10 deep troll earth magi
  A vampire mage (Depths:3)
  4 thrashing horrors (Abyss:4)
  6 shock serpents
  Nergalle (Lair:2)
  3 spriggan berserkers
  A sun demon (Abyss:4)
  A fire crab (shapeshifter) (Abyss:4)
  Sonja (Lair:4)
  A wretched star (Abyss:4)
  12 naga sharpshooters
  22 hell knights
  11 pharaoh ants
  11 deep elf knights
  A skeletal warrior (D:13)
  6 iron trolls
  6 salamander mystics
  A sun moth (Spider:3)
  A sixfirhy (Depths:2)
  6 steelbarb worms
  66 deep trolls
  5 large abominations (Abyss:4)
  9 deep elf archers
  2 glowing orange brains (Depths:2)
  A flayed ghost (Depths:4)
  13 orb spiders
  11 wizards
  An obsidian statue (D:9)
  A wolf spider zombie (Spider:2)
  5 naga ritualists (Snake:4)
  9 necromancers
  29 deep elf pyromancers
  5 orc knights
  A sphinx zombie (Depths:2)
  Pikel (D:8)
  9 harpies
  33 wolf spiders
  8 ironbound convokers
  53 ugly things
  6 mana vipers
  11 lindwurms
  A tengu skeleton (Depths:2)
  10 orc sorcerers
  24 deep elf zephyrmancers
  3 shining eyes
  A cyclops (D:13)
  25 moths of wrath
  14 salamanders
  4 manticores
  A rust devil (Depths:2)
  Joseph (D:7)
  36 black mambas
  4 orange demons (D:13)
  5 elephants
  13 vault sentinels
  6 guardian serpents
  2 ice statues (IceCv)
  10 naga magi
  An eye of devastation (Slime:5)
  6 rime drakes
  13 cane toads
  2 smoke demons
  A torpor snail (Spider:1)
  39 yaktaurs
  18 demonic crawlers
  6 entropy weaver simulacra (IceCv)
  2 kobold demonologists
  A tormentor (Depths:2)
  9 komodo dragons
  2 tengu conjurers
  3 hellwings (Abyss:4)
  2 freezing wraiths (Abyss:4)
  A merfolk (shapeshifter) (Vaults:2)
  9 trolls
  An ancient zyme (Abyss:4)
  A sphinx simulacrum (Depths:2)
  A polar bear (Lair:6)
  21 meliai
  A troll (shapeshifter) (D:14)
  33 tarantellas
  2 queen bees
  A tarantella zombie (Spider:2)
  5 raiju (Abyss:4)
  11 blink frogs
  8 hornets
  116 slime creatures
  40 jumping spiders
  Sigmund (D:4)
  3 starcursed masses (Abyss:4)
  24 culicivoras
  A shadow (D:10)
  54 yaks
  2 air elementals (Elf:2)
  A ynoxinul (Depths:2)
  2 spriggans (Depths:4)
  Eustachio (D:5)
  15 wyverns
  2 humans (D:9)
  3 wraiths
  2 neqoxecs (Abyss:4)
  8 water elementals
  2 golden eyes (Slime:1)
  4 small abominations (Abyss:4)
  2 fire elementals (Elf:3)
  2 fire bats (Abyss:4)
  68 redbacks
  14 basilisks
  2 chaos spawn
  6 steam dragons
  5 vampire mosquitoes
  7 wargs
  42 nagas
  3 demonic crawler simulacra (IceCv)
  19 water moccasins
  3 acid dragons
  Duvessa (D:7)
  A hell hound (Volcano)
  A black bear (Lair:1)
  42 orc warriors
  2 ice beasts
  3 sky beasts (D:11)
  2 ugly thing simulacra (IceCv)
  12 wolves
  10 ogres
  10 centaurs
  A lemure (D:8)
  2 phantoms
  11 kobold brigands
  8 bullfrogs
  4 gnoll sergeants
  5 earth elementals
  7 scorpions
  A wyvern skeleton (D:7)
  2 glowing shapeshifter simulacra (IceCv)
  Dowan (D:7)
  36 killer bees
  A jelly (D:7)
  5 wights (D:9)
  3 electric eels (Spider:3)
  3 howler monkeys
  A crimson imp (Spider:4)
  A quasit (Abyss:4)
  2 centaur zombies
  Crazy Yiuf (D:4)
  23 orc priests
  A bullfrog skeleton (D:5)
  3 hounds (D:5)
  2 centaur skeletons
  3 gnoll shamans (D:7)
  Jessica (D:3)
  14 orc wizards
  2 iguanas
  5 hell rats (Lair:3)
  A polar bear simulacrum (Lair:2)
  2 yak simulacra (Lair:2)
  5 wolf simulacra (Lair:2)
  A hound skeleton (D:4)
  A mummy (D:4)
  2 howler monkey zombies (D:8)
  Robin (D:4)
  30 gnolls
  A howler monkey skeleton (D:6)
  6 adders
  2 white imps
  An ufetubus (D:6)
  An adder skeleton (D:3)
  2 worms (D:2)
  4 dart slugs
  62 orcs
  11 endoplasms
  6 giant cockroaches
  15 hobgoblins
  4 jackals (D:1)
  4 quokkas
  8 ball pythons
  6 bats
  3 frilled lizards
  17 goblins
  A hobgoblin zombie (D:4)
  24 kobolds
  A kobold zombie (D:4)
  2 orc zombies (D:4)
  7 rats
  3 river rat simulacra (Lair:2)
  A bush (Lair:6)
  A lurking horror (Abyss:4)
2247 creatures vanquished.

Vanquished Creatures (collateral kills)
  A deep elf blademaster (Elf:3)
  2 azure jellies
  A frost giant (Depths:3)
  A shining eye (Slime:5)
5 creatures vanquished.

Vanquished Creatures (others)
  Nikola (Snake:4)
  A small abomination (Abyss:4)
  An orc (D:9)
  A goblin (D:9)
  62 fungi
  122 plants
188 creatures vanquished.

Grand Total: 2440 creatures vanquished

Notes
Turn   | Place    | Note
-------+----------+-------------------------------------------
     0 | D:1      | EnegeticOcto the Demigod Ice Elementalist began the quest
                  | for the Orb.
     0 | D:1      | Reached XP level 1. HP: 14/14 MP: 5/5
   123 | D:1      | Reached skill level 2 in Stealth
   421 | D:1      | Reached XP level 2. HP: 20/20 MP: 5/7
   597 | D:1      | Reached skill level 3 in Stealth
  1045 | D:1      | Reached skill level 4 in Ice Magic
  1144 | D:1      | Reached XP level 3. HP: 26/26 MP: 6/8
  1152 | D:1      | Learned a level 3 spell: Frozen Ramparts
  1498 | D:2      | Found Hoikuot's Armour Boutique.
  1832 | D:2      | Reached XP level 4. HP: 33/33 MP: 9/9
  2458 | D:3      | Noticed Jessica
  2465 | D:3      | Reached skill level 5 in Ice Magic
  2506 | D:3      | Killed Jessica
  2507 | D:3      | Reached skill level 2 in Spellcasting
  3275 | D:4      | Noticed Sigmund
  3325 | D:4      | Reached XP level 5. HP: 38/38 MP: 6/10
  3329 | D:4      | Learned a level 3 spell: Ozocubu's Armour
  3375 | D:4      | Noticed Robin
  3382 | D:4      | Killed Robin
  3441 | D:4      | Killed Sigmund
  3442 | D:4      | Reached skill level 6 in Ice Magic
  3442 | D:4      | Reached skill level 1 in Fighting
  3442 | D:4      | Reached skill level 2 in Fighting
  3442 | D:4      | Reached XP level 6. HP: 48/48 MP: 0/11
  3781 | D:4      | Found a staircase to the Ecumenical Temple.
  4416 | D:4      | Found a runed translucent door.
  4417 | D:4      | Noticed Crazy Yiuf
  4423 | D:4      | Killed Crazy Yiuf
  4529 | D:4      | Reached skill level 3 in Fighting
  4529 | D:4      | Reached skill level 4 in Stealth
  4623 | D:5      | Entered Level 5 of the Dungeon
  4749 | D:5      | Noticed Eustachio
  4753 | D:5      | Reached skill level 3 in Spellcasting
  4753 | D:5      | Reached XP level 7. HP: 57/57 MP: 7/14
  4763 | D:5      | Killed Eustachio
  4764 | D:5      | Reached skill level 2 in Conjurations
  4774 | D:5      | Learned a level 4 spell: Hailstorm
  4913 | D:5      | Reached skill level 3 in Conjurations
  5078 | D:5      | Reached skill level 4 in Conjurations
  5767 | D:6      | Reached skill level 5 in Conjurations
  5866 | D:6      | Identified the +4 hunting sling of Caustic Forgiveness
                  | {vorpal, rPois rF- rCorr Stlth+}
  6013 | D:6      | Reached XP level 8. HP: 57/63 MP: 8/15
  6723 | D:6      | Reached skill level 6 in Conjurations
  6729 | D:6      | Reached skill level 1 in Evocations
  6971 | D:6      | Reached skill level 2 in Evocations
  7161 | D:7      | Noticed a komodo dragon
  7166 | D:7      | Killed a komodo dragon
  7167 | D:7      | Reached skill level 3 in Evocations
  7424 | D:7      | Reached skill level 7 in Ice Magic
  7648 | D:7      | Reached skill level 4 in Evocations
  7691 | D:7      | Reached XP level 9. HP: 47/69 MP: 12/16
  7815 | D:7      | Reached skill level 8 in Ice Magic
  7997 | D:7      | Noticed Joseph
  8007 | D:7      | Killed Joseph
  8158 | D:7      | Noticed Duvessa
  8174 | D:7      | Killed Duvessa
  8175 | D:7      | Reached skill level 9 in Ice Magic
  8258 | D:7      | Noticed Dowan
  8268 | D:7      | Killed Dowan
  8269 | D:7      | Reached skill level 2 in Dodging
  8884 | D:8      | Noticed Pikel
  8888 | D:8      | Killed Pikel
  8889 | D:8      | Reached skill level 4 in Fighting
  8889 | D:8      | Reached skill level 3 in Dodging
  8981 | D:8      | Reached skill level 5 in Stealth
  9345 | D:8      | Reached XP level 10. HP: 80/80 MP: 12/17
  9348 | D:8      | Noticed a two-headed ogre
  9360 | D:8      | Killed a two-headed ogre
  9361 | D:8      | Reached skill level 5 in Fighting
  9361 | D:8      | Reached skill level 4 in Dodging
  9361 | D:8      | Reached skill level 6 in Stealth
  9688 | D:9      | Found a staircase to the Orcish Mines.
  9698 | D:9      | You fall into a shaft and drop 3 floors!
  9733 | D:12     | Reached skill level 4 in Spellcasting
  9931 | D:11     | Noticed a four-headed hydra
  9954 | D:10     | Entered Level 10 of the Dungeon
 10045 | D:9      | Noticed an obsidian statue
 10066 | D:9      | Reached skill level 7 in Fighting
 10149 | D:9      | Found a flagged portal.
 10168 | Bailey   | Entered a bailey
 10276 | Bailey   | Reached skill level 8 in Fighting
 10650 | Bailey   | Identified the +7 trident "Rozoh" {flame, *Noise rN++
                  | Int+3}
 10658 | Bailey   | Identified the ring of Fedhas's Regard {Wiz rF+}
 10661 | Bailey   | Identified the +7 dagger of Uruge {drain, rElec Int+3}
 11066 | D:9      | Noticed a death yak
 11086 | D:9      | Reached skill level 5 in Spellcasting
 11379 | D:9      | Found a staircase to the Lair.
 11427 | D:9      | Reached skill level 1 in Armour
 11687 | D:9      | Reached XP level 11. HP: 92/92 MP: 5/22
 11842 | D:9      | Identified the +0 ring mail of Acsatruy {Drain rF++ rN+}
 11858 | D:9      | Reached skill level 2 in Armour
 11953 | D:10     | Found Rod Kair's Weapon Emporium.
 12012 | D:10     | Reached skill level 3 in Armour
 12316 | D:10     | Reached skill level 4 in Armour
 12617 | D:10     | Found Vaeculad's Assorted Antiques.
 12629 | D:10     | Bought a tubular ivory ring for 150 gold pieces
 12629 | D:10     | Bought a scroll labelled XOOTSU HEMIGID for 30 gold pieces
 12629 | D:10     | Bought a glowing iron ring for 150 gold pieces
 12629 | D:10     | Bought a silver wand for 120 gold pieces
 12696 | D:10     | Found Puavuj's Antique Armour Boutique.
 12699 | D:10     | Found Vaanwutarack's Distillery.
 12701 | D:10     | Bought a glowing cloak for 262 gold pieces
 12724 | D:10     | Found Rozxohus's Antique Weapon Shoppe.
 12849 | D:10     | Identified a scroll of acquirement
 12850 | D:10     | Acquired 1074 gold pieces
 12879 | D:10     | Bought a potion of curing for 45 gold pieces
 12879 | D:10     | Bought a potion of invisibility for 120 gold pieces
 12879 | D:10     | Bought a potion of haste for 150 gold pieces
 12879 | D:10     | Bought a potion of resistance for 150 gold pieces
 12879 | D:10     | Bought a potion of cancellation for 120 gold pieces
 12887 | D:10     | Bought a spiked helmet for 332 gold pieces
 12887 | D:10     | Identified the +0 helmet of the Swan {rF+ Str+4 Stlth+}
                  | (You bought it in a shop on level 10 of the Dungeon)
 13238 | D:11     | Reached skill level 6 in Spellcasting
 13315 | D:11     | Killed a four-headed hydra
 13498 | D:11     | Reached skill level 7 in Spellcasting
 13993 | D:11     | Reached skill level 8 in Spellcasting
 14204 | D:11     | Noticed a two-headed ogre
 14217 | D:11     | Killed a two-headed ogre
 14896 | Lair:1   | Entered Level 1 of the Lair of Beasts
 14949 | Lair:1   | Upgraded the game from 0.28-a0-1334-g1c9ffb4daf to
                  | 0.28-a0-1344-g6b9ff3a05d
 14999 | Lair:1   | Reached skill level 1 in Shields
 15012 | Lair:1   | Reached skill level 9 in Spellcasting
 15180 | Lair:1   | Reached skill level 2 in Shields
 15288 | Lair:1   | Noticed a six-headed hydra
 15296 | Lair:1   | Killed a six-headed hydra
 15490 | Lair:1   | Noticed a seven-headed hydra
 15502 | Lair:1   | Killed a seven-headed hydra
 15503 | Lair:1   | Reached skill level 3 in Shields
 15503 | Lair:1   | Reached XP level 12. HP: 101/101 MP: 13/29
 15630 | Lair:1   | Noticed a four-headed hydra
 15642 | Lair:1   | Killed a four-headed hydra
 16565 | Lair:2   | Noticed a four-headed hydra
 16582 | Lair:2   | Reached skill level 4 in Shields
 16585 | Lair:2   | Killed a four-headed hydra
 16687 | Lair:2   | Reached skill level 10 in Spellcasting
 17022 | Lair:2   | Reached skill level 10 in Ice Magic
 17229 | Lair:2   | Reached skill level 9 in Fighting
 17260 | Lair:2   | Noticed Nergalle
 17362 | Lair:2   | Killed Nergalle
 18008 | Lair:2   | Noticed an eight-headed hydra
 18014 | Lair:2   | Killed an eight-headed hydra
 18015 | Lair:2   | Reached skill level 10 in Fighting
 18506 | Lair:2   | Found a hole to the Spider Nest.
 18846 | Lair:3   | Identified the +0 leather armour of Distant Worlds {rC+}
 18880 | Lair:3   | Found a staircase to the Snake Pit.
 19025 | Lair:3   | Noticed a five-headed hydra
 19030 | Lair:3   | Killed a five-headed hydra
 19106 | Lair:3   | Noticed a six-headed hydra
 19115 | Lair:3   | Killed a six-headed hydra
 19235 | Lair:3   | Noticed a boulder beetle
 19253 | Lair:3   | Killed a boulder beetle
 19254 | Lair:3   | Reached skill level 11 in Spellcasting
 19254 | Lair:3   | Reached XP level 13. HP: 53/113 MP: 17/32
 20423 | Lair:4   | Found a frozen archway.
 20511 | IceCv    | Entered an ice cave
 20661 | IceCv    | Reached skill level 12 in Spellcasting
 20996 | IceCv    | Reached skill level 5 in Evocations
 21827 | IceCv    | Reached skill level 6 in Evocations
 22389 | IceCv    | Reached skill level 7 in Evocations
 22611 | IceCv    | Noticed a quicksilver ooze
 22618 | IceCv    | Killed a quicksilver ooze
 22650 | IceCv    | Noticed an azure jelly
 22660 | IceCv    | Killed an azure jelly
 22764 | IceCv    | Got the ring "Gotod" {rC+ MP+9}
 22772 | IceCv    | Got the Grimoire of the Frostbite
 22781 | IceCv    | Learned a level 7 spell: Ozocubu's Refrigeration
 22785 | IceCv    | Identified the +3 ice dragon scales "Uwiloss" {rF- rC++
                  | Will+ rCorr Int+4}
 23949 | Lair:4   | Noticed Sonja
 23950 | Lair:4   | Killed Sonja
 24560 | Lair:5   | Reached skill level 11 in Ice Magic
 25635 | Lair:5   | Found a staircase to the Slime Pits.
 25943 | Lair:5   | Found a transporter.
 25945 | Lair:5   | Found a transporter.
 25953 | Lair:6   | Entered Level 6 of the Lair of Beasts
 25968 | Lair:6   | Reached XP level 14. HP: 121/121 MP: 8/35
 26242 | Lair:6   | Found a dark tunnel.
 26251 | Volcano  | Entered a volcano
 26275 | Volcano  | Reached skill level 12 in Ice Magic
 27540 | Lair:6   | Reached skill level 13 in Ice Magic
 28737 | Lair:6   | Learned a level 4 spell: Iskenderun's Mystic Blast
 29214 | Orc:1    | Entered Level 1 of the Orcish Mines
 29421 | Orc:1    | Reached skill level 14 in Ice Magic
 29707 | Orc:2    | Entered Level 2 of the Orcish Mines
 31125 | Orc:2    | Noticed an orc warlord
 31132 | Orc:2    | Found a staircase to the Elven Halls.
 31187 | Orc:2    | Killed an orc warlord
 32688 | Orc:2    | Found Qeefuyny's Magic Scroll Boutique.
 32691 | Orc:2    | Found Hikhon's General Store.
 32959 | Orc:2    | Bought a potion of curing for 36 gold pieces
 32961 | Orc:2    | Bought a scroll of vulnerability for 82 gold pieces
 32961 | Orc:2    | Bought a scroll of fear for 38 gold pieces
 33274 | Orc:2    | Reached skill level 15 in Ice Magic
 34034 | Orc:2    | Found Houph's Antique Weapon Emporium.
 34034 | Orc:2    | Found Vocwaom's Jewellery Shoppe.
 34181 | Orc:2    | Found a one-way gate leading to the halls of Pandemonium.
 34335 | Orc:2    | Bought an ebony short sword for 200 gold pieces
 34335 | Orc:2    | Identified the +1 short sword "Beast's Undoing" {drain, Fly
                  | rC- Int+3 Stlth+} (You bought it in a shop on level 2 of
                  | the Orcish Mines)
 34368 | Orc:2    | Bought 3 scrolls of enchant armour for 247 gold pieces
 34413 | Orc:2    | Bought the ring "Gestruu" {rF+ Int+3} for 536 gold pieces
 34873 | D:13     | Noticed Snorg
 34877 | D:13     | Killed Snorg
 34995 | D:13     | Reached XP level 15. HP: 126/126 MP: 21/36
 35316 | D:13     | Reached skill level 16 in Ice Magic
 35538 | D:13     | Found a portal to a secret trove of treasure.
 35611 | D:13     | Found a gate to the Vaults.
 37078 | D:14     | Learned a level 6 spell: Iron Shot
 37147 | D:14     | Reached skill level 17 in Ice Magic
 37147 | D:14     | Reached skill level 1 in Earth Magic
 37580 | D:14     | Noticed Frances
 37585 | D:14     | Killed Frances
 37586 | D:14     | Reached skill level 2 in Earth Magic
 37982 | D:15     | Entered Level 15 of the Dungeon
 38153 | D:15     | Reached skill level 5 in Armour
 38518 | D:15     | Reached skill level 3 in Earth Magic
 39037 | D:15     | Found a staircase to the Depths.
 39859 | Snake:1  | Entered Level 1 of the Snake Pit
 39867 | Snake:1  | You fall into a shaft and drop 1 floor!
 39903 | Snake:1  | Found Paymuar's Neck Hole.
 39960 | Snake:1  | Found a flickering gateway to a bazaar.
 39977 | Bazaar   | Entered a bazaar
 39977 | Bazaar   | Found Somn's General Store.
 39977 | Bazaar   | Found Odwelef's Antique Weapon Shop.
 39996 | Bazaar   | Bought a potion of mutation for 112 gold pieces
 39996 | Bazaar   | Bought a condenser vane for 560 gold pieces
 40001 | Bazaar   | Found Vetumupn's Antique Armour Shop.
 40249 | Snake:1  | Reached skill level 4 in Earth Magic
 40658 | Snake:1  | Reached skill level 6 in Armour
 41332 | Snake:2  | Noticed MirrMurr's ghost (adept SpEn)
 41337 | Snake:2  | Found a runed translucent gate.
 41337 | Snake:2  | Found a runed translucent gate.
 41337 | Snake:2  | Found a runed translucent gate.
 42268 | Snake:2  | Reached skill level 5 in Earth Magic
 42639 | Snake:2  | Reached XP level 16. HP: 123/134 MP: 23/37
 42639 | Snake:2  | Killed MirrMurr's ghost
 42789 | Snake:3  | Reached skill level 7 in Armour
 43254 | Snake:3  | Reached skill level 6 in Earth Magic
 43483 | Snake:3  | Found Viprolaq's Magic Scroll Shop.
 43565 | Snake:3  | Bought a scroll of fog for 30 gold pieces
 43565 | Snake:3  | Bought a scroll of blinking for 112 gold pieces
 43565 | Snake:3  | Bought a scroll of teleportation for 45 gold pieces
 43565 | Snake:3  | Bought a scroll of fog for 30 gold pieces
 43565 | Snake:3  | Bought a scroll of immolation for 52 gold pieces
 43745 | Snake:4  | Entered Level 4 of the Snake Pit
 43820 | Snake:4  | Reached skill level 18 in Ice Magic
 44139 | Snake:4  | Reached skill level 8 in Armour
 44260 | Snake:4  | Reached skill level 7 in Earth Magic
 44637 | Snake:4  | Reached skill level 8 in Earth Magic
 45001 | Snake:4  | Reached skill level 9 in Earth Magic
 45508 | Snake:4  | Got a serpentine rune of Zot
 45526 | Snake:4  | Reached skill level 10 in Earth Magic
 45841 | Snake:4  | Noticed Nikola
 45851 | Snake:4  | Killed Nikola
 46116 | Snake:4  | Reached skill level 7 in Conjurations
 46599 | Spider:1 | Entered Level 1 of the Spider Nest
 46669 | Spider:1 | Reached skill level 8 in Conjurations
 46990 | Spider:1 | Reached XP level 17. HP: 140/140 MP: 18/38
 47303 | Spider:1 | Reached skill level 9 in Conjurations
 48121 | Spider:1 | Reached skill level 10 in Conjurations
 48773 | Spider:2 | Noticed Louise
 48776 | Spider:2 | Killed Louise
 50508 | Spider:3 | Noticed Mara
 50512 | Spider:3 | Killed Mara
 50513 | Spider:3 | Reached skill level 13 in Spellcasting
 51218 | Spider:2 | You fall into a shaft and drop 1 floor!
 51223 | Spider:4 | Entered Level 4 of the Spider Nest
 51385 | Spider:4 | Reached skill level 19 in Ice Magic
 52423 | Spider:4 | Found a runed translucent gate.
 52423 | Spider:4 | Found a runed translucent gate.
 52423 | Spider:4 | Found a runed translucent gate.
 52426 | Spider:4 | Noticed DoubleLucky's ghost (adept TeSu)
 52776 | Spider:4 | Reached XP level 18. HP: 147/147 MP: 34/41
 53336 | Spider:4 | Reached skill level 14 in Spellcasting
 53707 | Spider:4 | Got a gossamer rune of Zot
 53985 | Spider:4 | Killed DoubleLucky's ghost
 53986 | Spider:4 | Reached skill level 20 in Ice Magic
 54077 | Spider:4 | Identified the +1 hat of Verdant Wonder {Stlth+}
 54261 | Elf:1    | Entered Level 1 of the Elven Halls
 54323 | Elf:1    | Reached skill level 8 in Evocations
 54670 | Elf:1    | Found a runed translucent gate.
 54671 | Elf:1    | Found a runed translucent gate.
 54671 | Elf:1    | Found a runed translucent gate.
 54675 | Elf:1    | Found Wuoleg's Assorted Antiques.
 54675 | Elf:1    | Noticed Vafan's ghost (veteran FoFi)
 55107 | Elf:1    | Identified the +5 scale mail of the Villain {-Tele Fly
                  | rPois rF+ Str-5}
 56055 | Elf:2    | Found a runed translucent gate.
 56056 | Elf:2    | Found a runed translucent gate.
 56056 | Elf:2    | Found a runed translucent gate.
 56231 | Elf:2    | Reached skill level 11 in Fighting
 56538 | Elf:3    | Entered Level 3 of the Elven Halls
 56540 | Elf:3    | Reached skill level 11 in Earth Magic
 56541 | Elf:3    | Reached skill level 11 in Conjurations
 57065 | Elf:3    | Identified the ring "Kigin" {Fly MP+9 Dex+3}
 58399 | Elf:3    | Reached XP level 19. HP: 158/158 MP: 28/42
 58510 | Elf:3    | Identified the ring "Caw Xao" {Drain rF+ Will+++ Int+5
                  | Stlth-}
 59107 | Elf:3    | Identified the ring "Famom" {rPois AC+4 Dex-2 Slay+5}
 59192 | Elf:3    | Identified the ring "Netwom" {rPois rF+ Will++}
 59808 | Elf:3    | Identified the ring "Estin" {Will+ Dex+5}
 59826 | Elf:3    | Got the Handbook of Arcane Weapons and Malediction
 59945 | Elf:3    | Learned a level 5 spell: Irradiate
 59948 | Elf:3    | Learned a level 2 spell: Sublimation of Blood
 60025 | Elf:3    | Reached skill level 12 in Fighting
 60059 | Elf:3    | Reached skill level 12 in Conjurations
 60059 | Elf:3    | Reached skill level 1 in Transmutations
 60059 | Elf:3    | Reached skill level 12 in Earth Magic
 60205 | Elf:3    | Found Inizak's Armour Shop.
 60242 | Elf:3    | Reached skill level 2 in Transmutations
 60264 | Elf:3    | Noticed Donald
 60271 | Elf:3    | Killed Donald
 60333 | Elf:3    | Reached skill level 3 in Transmutations
 60593 | Vaults:1 | Entered Level 1 of the Vaults
 60720 | Vaults:1 | Reached skill level 4 in Transmutations
 60885 | Vaults:1 | Reached skill level 5 in Transmutations
 61335 | Vaults:1 | Reached skill level 5 in Shields
 61458 | Vaults:1 | Reached skill level 6 in Transmutations
 61843 | Vaults:1 | Reached skill level 6 in Shields
 62245 | Vaults:2 | Reached skill level 7 in Transmutations
 63213 | Vaults:2 | Reached skill level 7 in Shields
 63371 | Vaults:2 | Reached skill level 8 in Transmutations
 63756 | Vaults:2 | Reached skill level 8 in Shields
 63864 | Vaults:2 | Reached XP level 20. HP: 151/168 MP: 31/43
 63977 | Vaults:2 | Identified the +1 robe of Xaudghoow {Dex+7}
 64467 | Vaults:2 | Reached skill level 9 in Shields
 64534 | Vaults:2 | Found a staircase to the Crypt.
 65012 | Vaults:3 | Found Paatula's Armour Emporium.
 65141 | Vaults:3 | Identified the +6 spear of Distant Shores {freeze, Drain
                  | +Blink rElec rCorr Int+2}
 65299 | Vaults:3 | Reached skill level 10 in Shields
 65746 | Vaults:3 | Reached skill level 11 in Shields
 66106 | Vaults:3 | Noticed a golden dragon
 66113 | Vaults:3 | Killed a golden dragon
 66222 | Vaults:3 | Reached skill level 12 in Shields
 66251 | Vaults:3 | Learned a level 9 spell: Polar Vortex
 67260 | Vaults:4 | Reached skill level 13 in Shields
 67336 | Vaults:4 | Found Ogain Vuu's General Store.
 67362 | Vaults:4 | Bought a scroll of fear for 56 gold pieces
 67362 | Vaults:4 | Bought a potion of heal wounds for 80 gold pieces
 67403 | Vaults:4 | Found a large runed translucent door.
 67403 | Vaults:4 | Found a large runed translucent door.
 67403 | Vaults:4 | Found a large runed translucent door.
 67403 | Vaults:4 | Found a large runed translucent door.
 67403 | Vaults:4 | Noticed Geciec's ghost (veteran BaAK)
 67404 | Vaults:4 | Found a large runed translucent door.
 67404 | Vaults:4 | Found a large runed translucent door.
 67404 | Vaults:4 | Found a large runed translucent door.
 67404 | Vaults:4 | Found a large runed translucent door.
 67414 | Vaults:4 | Cast into level 4 of the Abyss (Geciec's ghost)
 67456 | Abyss:4  | Noticed a bone dragon
 67816 | Abyss:4  | Noticed a profane servitor
 67822 | Abyss:4  | Killed a profane servitor
 67937 | Vaults:4 | Escaped the Abyss
 67950 | Vaults:4 | Cast into level 4 of the Abyss (Geciec's ghost)
 68211 | Abyss:4  | Reached skill level 14 in Shields
 68275 | Vaults:4 | Escaped the Abyss
 68579 | Vaults:4 | Killed Geciec's ghost
 69642 | Vaults:4 | Reached XP level 21. HP: 174/174 MP: 30/44
 69728 | Vaults:4 | Reached skill level 15 in Shields
 70716 | Depths:1 | Entered Level 1 of the Depths
 70716 | Depths:1 | Found a gateway to Hell.
 70980 | Depths:1 | Reached skill level 13 in Fighting
 71372 | Depths:1 | You fall into a shaft and drop 1 floor!
 71772 | Depths:2 | Reached skill level 14 in Fighting
 72430 | Depths:2 | Found a one-way gateway to a ziggurat.
 72632 | Depths:2 | Reached skill level 5 in Dodging
 73043 | Depths:2 | Found Fagas's Hallowed Reliquary.
 73049 | Depths:2 | Found a one-way gate to the infinite horrors of the Abyss.
 73083 | Depths:2 | Bought a potion of heal wounds for 70 gold pieces
 73083 | Depths:2 | Bought a potion of heal wounds for 70 gold pieces
 73593 | Depths:2 | Identified the +2 chain mail of Ignis's Condemnation {rPois
                  | rCorr Str-2 SInv}
 73986 | Elf:3    | Bought the +5 ring mail "Reddi" {rPois Dex+6} for 950 gold
                  | pieces
 74527 | Depths:1 | Noticed Bai Suzhen
 74538 | Depths:1 | Killed Bai Suzhen
 74539 | Depths:1 | Reached skill level 6 in Dodging
 74692 | Depths:1 | Found Zeir's Book Emporium.
 74701 | Depths:1 | Found Meoret's Book Shoppe.
 75204 | Depths:4 | Entered Level 4 of the Depths
 75733 | Depths:3 | Reached skill level 7 in Dodging
 76016 | Depths:3 | Noticed a caustic shrike
 76016 | Depths:3 | Identified the ring of Dybral {rPois rN+ Will- MP+9 Dex+4}
 76131 | Depths:3 | Killed a caustic shrike
 76194 | Depths:3 | Reached XP level 22. HP: 183/189 MP: 36/47
 76226 | Depths:3 | Identified the +4 hunting sling of the Saving King {venom,
                  | rN+ rCorr}
 76239 | Depths:3 | Reached skill level 15 in Spellcasting
 76433 | Depths:3 | Noticed a caustic shrike
 76806 | Depths:3 | Killed a caustic shrike
 76853 | Depths:3 | Reached skill level 8 in Dodging
 76895 | Depths:3 | Identified the +1 helmet "Utreipumo" {rPois rF+}
 76913 | Depths:3 | Identified the +10 halberd of Tumult {venom, Str+7}
 77047 | Depths:4 | Reached skill level 21 in Ice Magic
 77109 | Depths:4 | Found Sieceoca's Jewellery Shop.
 77122 | Depths:4 | Noticed a juggernaut
 77129 | Depths:4 | Killed a juggernaut
 77687 | Depths:4 | Found a gate to the Realm of Zot.
 79172 | Slime:1  | Entered Level 1 of the Pits of Slime
 79483 | D:2      | Bought an orb of mayhem for 156 gold pieces
 79895 | Slime:2  | Reached skill level 16 in Spellcasting
 80144 | Slime:5  | Entered Level 5 of the Pits of Slime
 80546 | Slime:5  | Reached skill level 22 in Ice Magic
 81071 | Slime:5  | Noticed the Royal Jelly
 81077 | Slime:5  | Killed the Royal Jelly
 81150 | Slime:5  | Found the +7 great mace "Undeadhunter" {disrupt, rN+}
 81244 | Slime:5  | Got a slimy rune of Zot
 81284 | Slime:5  | Identified the +8 battleaxe of Currency {venom, rC+ rN+++
                  | Int-4 Dex+2}
 81293 | Slime:5  | Identified the +3 trident of the Big Bang {holy, rC+ Int+4}
 81310 | Slime:5  | Got the Compendium of Frigorific Malediction
 81659 | D:13     | You showed the slimy rune of Zot to enter a treasure trove
 81660 | Trove    | Entered a treasure trove
 81673 | Trove    | Identified the ring "Ceeck" {Fly rElec rPois rN+ Int+6}
 81675 | Trove    | Identified the ring of Lyck {rF+ rC- rCorr Int+6 Stlth+}
 81679 | Trove    | Identified the amulet of Puiluabb {Spirit rC+ Regen+ Str+2
                  | Slay+3}
 81685 | Trove    | Identified the ring "Myedel" {rPois rF++ Dex-4 Stlth+}
 81688 | Trove    | Identified the amulet "Yfosich" {Spirit Str+3 Slay+3}
 81692 | Trove    | Identified the ring of Secrets {rPois rF+++ Will- Int+6
                  | Stlth+}
 81695 | Trove    | Identified the ring "Igi Guysm" {Wiz Will+ Int+6}
 81698 | Trove    | Identified the ring of Apogi {*Corrode rElec rC+ Str+5}
 82139 | Zot:1    | Entered Level 1 of the Realm of Zot
 82468 | Zot:1    | You are sucked into a shaft and drop 1 floor!
 82956 | Zot:3    | Reached skill level 23 in Ice Magic
 83041 | Zot:3    | Reached XP level 23. HP: 195/195 MP: 25/49
 84722 | Zot:3    | Reached skill level 24 in Ice Magic
 85895 | Zot:3    | Identified the +0 chain mail of the Desert {rF+}
 86214 | Zot:4    | Noticed an orb of fire
 86219 | Zot:4    | Killed an orb of fire
 86224 | Zot:4    | Reached skill level 25 in Ice Magic
 87256 | Zot:4    | Reached skill level 17 in Spellcasting
 87454 | Zot:4    | Identified the +5 long sword "Ubown" {flame, rF+ Int+3}
 87827 | Zot:4    | Identified the ring "Meenaph" {rPois Int+4}
 88071 | Zot:4    | Reached XP level 24. HP: 199/203 MP: 31/51
 88237 | Zot:5    | Entered Level 5 of the Realm of Zot
 88521 | Zot:5    | Noticed a Killer Klown
 88526 | Zot:5    | Killed a Killer Klown
 88734 | Zot:5    | Reached skill level 18 in Spellcasting
 88814 | Zot:5    | Noticed a Killer Klown
 88814 | Zot:5    | Noticed a dread lich
 88814 | Zot:5    | Noticed a Killer Klown
 88818 | Zot:5    | Got the Orb of Zot
 88819 | Zot:5    | Noticed a Killer Klown
 88819 | Zot:5    | Noticed an orb of fire
 88820 | Zot:5    | Noticed a Killer Klown
 88820 | Zot:5    | Noticed an orb of fire
 88821 | Zot:5    | Noticed an orb of fire
 88822 | Zot:5    | Noticed an ancient lich
 88822 | Zot:5    | Gained mutation: Armour fits poorly on your strangely
                  | shaped body. [an orb of fire]
 88823 | Zot:5    | Noticed a dread lich
 88830 | Zot:5    | HP: 3/203 [something/bolt of acid (89)]
 88833 | Zot:5    | Killed from afar by an orb of fire

Illustrated notes

Levels and vault maps discovered:
D:1:      lemuel_arrival_river_bridge, layout_basic,
          shapermc_ecumenical_altar_venn
D:2:      minmay_recursive_quarters, layout_basic, serial_shops, shop
D:3:      layout_loops_ring, grunt_ministairs_1, minmay_close_crescents,
          uniq_jessica
D:4:      layout_rooms, mainiacjoe_overflow_alcove_4,
          minmay_temple_entry_antechambers, minmay_mini_ossuary, uniq_robin,
          uniq_crazy_yiuf_cottage, uniq_sigmund
D:5:      layout_basic, ashenzari_conservatory_becter,
          hangedman_decor_peaks_small, uniq_eustachio
D:6:      layout_basic, vehumet_statue, kennysheep_pointless_box,
          kennysheep_generic_room_13
D:7:      layout_basic, grunt_tough_drop, uniq_duvessa, uniq_joseph
D:8:      layout_loops_ring, uniq_pikel
D:9:      layout_loops_cross, okawaru_humans, david_lair_generic, david_orc_3,
          special_room [special_room_bee], enter_bailey_5, minmay_statue_bubble
D:10:     layout_basic, serial_shops, shop, shop, nicolae_square_shop,
          nicolae_shop_overgrown_old_shop, nicolae_take_the_stairs
D:11:     layout_loops_ring, hangedman_misty_isle
D:12:     layout_rooms
D:13:     layout_long_grid, lightli_vaults_fourway_checkpoint,
          nicolae_trove_entry_crossroad, einodemon_barbed_minivault, uniq_snorg
D:14:     layout_basic, uniq_frances
D:15:     grunt_enter_depths_hoard, layout_layer_cave
Lair:1:   layout_layer_cave
Lair:2:   layout_cave_pods, spider_nest_entry_rubble, eino_house_with_fridge,
          grunt_megastairs_5, uniq_nergalle
Lair:3:   layout_gridlike, guppyfry_snake_entry_island,
          chequers_serial_rivers_micro_a
Lair:4:   layout_cave_pods, portal_ice_cave_rime, grunt_megastairs_4, uniq_sonja
Lair:5:   gammafunk_boulding_lane, layout_cave_shapes, slime_dummy,
          kennysheep_basilisk_garden
Lair:6:   hangedman_lair_tendril_chambers, layout_concentric_octagons,
          enter_volcano_2
Snake:1:  layout_chambers, serial_shops, bzr_entry_gold,
          nicolae_shop_sticking_my_neck_out
Snake:2:  layout_layer_cave, serial_shops, bzr_entry_road, gammafunk_ghost_split
Snake:3:  layout_cave_shapes, serial_shops, shop
Snake:4:  johnstein_snake_rune_scales, layout_chambers, serial_bayou_shore_b,
          uniq_nikola
Spider:1: layout_chambers
Spider:2: lemuel_spider_zombies, hangedman_spider_tarantella_strand,
          uniq_asterion, uniq_louise
Spider:3: layout_spider_delve, uniq_mara
Spider:4: grunt_spider_rune_parallel, gammafunk_ghost_tricky_traps,
          nicolae_crawler_farm
Slime:1:  layout_caves
Slime:2:  layout_caves, nicolae_slime_phagocytosis
Slime:3:  layout_caves
Slime:4:  layout_caves
Slime:5
Orc:1:    layout_caves
Orc:2:    pf_orc_diabolical, layout_diamond_mine
Elf:1:    nicolae_elf_arrival_fired_up, layout_gridlike, ebering_ghost_gozag,
          hangedman_elven_crosses_minicolossus, solitary_fountain
Elf:2:    nicolae_elf_blades_crystal_corner, layout_loops_cross, hex_tiny
Elf:3:    grunt_elf_hall_spiral, layout_geoelf_grid, serial_shops, shop,
          uniq_donald
Vaults:1: v_alt_pattern_2, grunt_vaults_hallway_long,
          nicolae_vaults_little_squares_6, ontoclasm_vaults_chip,
          hangedman_vaults_restitches, nicolae_vaults_gold_heap,
          grunt_vaults_swirl, hangedman_vaults_trim, grunt_vaults_hallway_short,
          vaults_room_corners, layout_vaults_omnicross
Vaults:2: st_lattice, nicolae_vaults_little_squares_5, ontoclasm_vaults_eye,
          ontoclasm_vaults_spin, v_rooms_1, v_misc_12, v_rooms_3,
          minmay_crypt_entry_necro_gods, nicolae_vaults_network_s,
          nicolae_vaults_shelves_hall, layout_vaults_omnigrid
Vaults:3: ontoclasm_vaults_gateway, ontoclasm_vaults_tryst, st_hourglassy,
          v_pattern_2, ontoclasm_vaults_chip, nicolae_vaults_little_squares_1,
          layout_vaults_chaotic_city, serial_shops, nicolae_shop_hallway_stairs
Vaults:4: advil_vaults_ghost_lines, v_alt_pattern_6,
          nicolae_vaults_back_hallway, v_misc_5, ontoclasm_vaults_fault,
          vaults_standard_mumra_lines, ontoclasm_vaults_ligature,
          v_alt_pattern_3, hangedman_vaults_cutoff, nicolae_vaults_alarming,
          grunt_vaults_hallway_short, layout_vaults_ring, serial_shops,
          nicolae_shop_crystal
Depths:1: layout_gridville, minmay_misc_feat_nine_boxes, hell_entry,
          yredelemnul_altar_generic, minmay_shoptagon, uniq_bai_suzhen
Depths:2: minmay_the_grid_triangle_9x9_recursive_2_mashed
          [minmay_the_grid_triangle_9x9_prize_center,
          minmay_the_grid_triangle_9x9_sprig,
          minmay_the_grid_triangle_9x9_corrupted_corridor,
          minmay_the_grid_triangle_9x9_checkered], layout_honeycomb,
          enter_ziggurat_c, hangedman_abyss_or_decor_slice,
          rand_demon_pan_entry_7, abyss_entry, hell_entry, nicolae_good_shop
Depths:3: kennysheep_four_of_diamonds, layout_gridville, grunt_metal_band,
          nicolae_abyss_entry_one_way_or_another, nicolae_two_hexagons
Depths:4: grunt_zot_entry_bicorn, layout_basic, serial_bayou_shore_a,
          abyss_entry, grunt_hell_entry_dis_mu, serial_shops,
          nicolae_shop_trees, tso_metal_star
Zot:1:    layout_misc_corridors
Zot:2:    minmay_elemental_castle, layout_misc_corridors, st_stairs_9
Zot:3:    layout_misc_corridors
Zot:4:    layout_misc_corridors, st_large_dragon_hoard_2
Zot:5:    layout_twisted_circle

Skill      XL: |  1  2  3  4  5  6  7  8  9 10 11 12 13 14 15 16 17 18 19 20 21 22 23 24 |
---------------+-------------------------------------------------------------------------+-----
Stealth        | 2 3 4 5 6 |  6.0
Ice Magic      | 4 5 6 7 9 10 11 15 17 18 19 20 23 25 | 25.0
Spellcasting   | 2 3 5 9 11 12 13 14 16 17 18 | 18.0
Fighting       | 2 3 4 8 10 11 12 14 | 14.0
Conjurations   | 5 6 8 10 11 12 | 12.0
Evocations     | 4 7 8 |  8.0
Dodging        | 3 4 7 8 |  8.0
Armour         | 1 4 6 8 |  8.0
Shields        | 3 4 8 14 15 | 15.0
Earth Magic    | 5 10 11 12 | 12.0
Transmutations | 8 |  8.0

Action                   |  1- 3 |  4- 6 |  7- 9 | 10-12 | 13-15 | 16-18 | 19-21 | 22-24 || total
-------------------------+-------+-------+-------+-------+-------+-------+-------+-------++-------
Melee: Dagger            |    44 |   102 |       |    19 |       |    25 |   123 |       ||   313
       Short sword       |     1 |       |       |       |       |       |       |       ||     1
       Quarterstaff      |       |    20 |   139 |    42 |       |       |       |       ||   201
       Staff             |       |       |    12 |    23 |    62 |     6 |       |    39 ||   142
Throw: Stone             |    49 |    43 |    12 |       |       |       |       |       ||   104
       Dart              |       |       |     1 |       |       |       |       |       ||     1
 Cast: Freeze            |    36 |    20 |     3 |    75 |    50 |       |       |       ||   184
       Frozen Ramparts   |     5 |    16 |    28 |    46 |    18 |       |       |       ||   113
       Ozocubu's Armour  |       |     7 |    20 |    41 |    10 |       |       |       ||    78
       Hailstorm         |       |       |    25 |   136 |   115 |     7 |     2 |     1 ||   286
       Ozocubu's Refrige |       |       |       |       |   408 |   586 |   546 |   399 ||  1939
       Iskenderun's Myst |       |       |       |       |     2 |    21 |       |       ||    23
       Iron Shot         |       |       |       |       |       |    39 |    93 |    91 ||   223
       Irradiate         |       |       |       |       |       |       |    63 |    33 ||    96
       Polar Vortex      |       |       |       |       |       |       |       |    17 ||    17
Evoke: Wand              |       |       |     1 |    28 |    25 |    33 |    14 |     6 ||   107
       Box of beasts     |       |       |       |       |     2 |     2 |     4 |     1 ||     9
       Condenser vane    |       |       |       |       |       |     3 |     1 |       ||     4
       Tin of tremorston |       |       |       |       |       |       |     6 |     2 ||     8
       Phantom mirror    |       |       |       |       |       |       |     1 |       ||     1
  Use: Scroll            |     2 |     4 |     6 |    13 |     9 |     2 |    11 |    19 ||    66
       Potion            |       |       |       |     1 |       |     3 |    12 |    16 ||    32
 Stab: Sleeping          |    11 |     7 |     3 |     1 |       |       |       |       ||    22
       Distracted        |       |       |       |       |     1 |     1 |       |       ||     2
       Paralysed         |       |       |       |       |       |     8 |     2 |       ||    10
Armor: Robe              |     5 |    36 |    75 |    54 |       |       |       |       ||   170
       Steam dragon scal |       |       |       |    55 |    75 |       |       |       ||   130
       Ice dragon scales |       |       |       |       |    30 |   152 |   208 |       ||   390
       Ring mail         |       |       |       |       |       |       |    32 |   112 ||   144
Dodge: Dodged            |    31 |    57 |   113 |   184 |    79 |    92 |   159 |    90 ||   805
Block: Buckler           |       |       |       |    19 |    34 |    56 |    84 |       ||   193
       Kite shield       |       |       |       |       |       |       |    86 |   136 ||   222

Table legend: (Time is in decaauts)
 A = Elapsed time spent in this place.
 B = Non-inter-level travel time spent in this place.
 C = Inter-level travel time spent in this place.
 D = Time resting spent in this place.
 E = Time spent auto-exploring this place.
 F = Levels seen in this place.
 G = Mean time per level.
                   A        B        C        D        E       F      G
               +--------+--------+--------+--------+--------+-----+--------+
         Total |  89137 |  82189 |   6948 |  15749 |  54719 |  59 | 1510.8 |
       Dungeon |  21538 |  18610 |   2928 |   2193 |  13557 |  15 | 1435.9 |
          Lair |  12388 |  11275 |   1113 |   1256 |   8876 |   6 | 2064.7 |
     Snake Pit |   6765 |   6488 |    277 |    359 |   5238 |   4 | 1691.2 |
   Spider Nest |   7482 |   7164 |    318 |   2185 |   3865 |   4 | 1870.5 |
    Slime Pits |   1680 |   1596 |     84 |   1229 |      0 |   5 |  336.0 |
  Orcish Mines |   5701 |   5122 |    579 |    782 |   3758 |   2 | 2850.5 |
   Elven Halls |   6445 |   6049 |    396 |   2389 |   2884 |   3 | 2148.3 |
        Vaults |   8249 |   7764 |    485 |    283 |   6628 |   4 | 2062.2 |
        Depths |   7893 |   7243 |    650 |    775 |   5561 |   4 | 1973.2 |
           Zot |   6510 |   6393 |    117 |   1801 |   3710 |   5 | 1302.0 |
         Abyss |    852 |    852 |      0 |    489 |     50 |   2 |  426.0 |
        Bazaar |     90 |     90 |      0 |      0 |     48 |   1 |   90.0 |
         Trove |     60 |     60 |      0 |      0 |      0 |   1 |   60.0 |
        Bailey |    554 |    554 |      0 |    349 |     52 |   1 |  554.0 |
      Ice Cave |   2364 |   2364 |      0 |   1658 |      4 |   1 | 2364.0 |
       Volcano |    558 |    558 |      0 |      0 |    487 |   1 |  558.0 |
               +--------+--------+--------+--------+--------+-----+--------+

Top non-repeatable levels by time:
   Orc:2: 4483 daAuts
   Elf:3: 3697 daAuts
Vaults:2: 2591 daAuts
 Snake:4: 2578 daAuts
  Lair:6: 2521 daAuts
Depths:2: 2389 daAuts
Depths:4: 2385 daAuts
   IceCv: 2364 daAuts
  Lair:2: 2273 daAuts
   Zot:2: 2224 daAuts
Spider:4: 2212 daAuts
  Lair:4: 2205 daAuts
  Lair:1: 2202 daAuts
Spider:1: 2176 daAuts
   Zot:4: 2170 daAuts
